 Dungeon Crawl Stone Soup version 0.26.0-10-g1f06aea511 (webtiles) character file.

Game seed: 8876095879630492927

6847 wakim the Cleaver (level 11, 0/95 HPs)
             Began as a Hill Orc Monk on Jan 15, 2021.
             Was a High Priest of Beogh.
             Succumbed to a queen ant's poison
             ... in a Gauntlet.
             The game lasted 00:49:35 (12683 turns).

wakim the Cleaver (Hill Orc Monk)                  Turns: 12683, Time: 00:49:35

Health: 0/95       AC: 18    Str: 18    XL:     11   Next: 6%
Magic:  26/26      EV:  8    Int: 10    God:    Beogh [*****.]
Gold:   594        SH:  8    Dex: 13    Spells: 10/10 levels left

rFire    + + .     SeeInvis .   b - +5 hand axe (freeze)
rCold    . . .     Faith    .   D - +0 kite shield
rNeg     . . .     Spirit   .   B - +0 plate armour
rPois    .         Reflect  .   s - +1 helmet
rElec    .         Harm     .   (no cloak)
rCorr    .         Rampage  .   (no gloves)
Will     .....     NoTele   +   q - +0 pair of boots
Stlth    ..........             (no amulet)
HPRegen  0.25/turn              r - +4 ring of evasion
MPRegen  0.20/turn              z - ring "Kouciom" {rF++ MP+9 Stlth-}

@: lethally poisoned (0 -> -46), flying, hasted, very quick
A: walk on water
a: Renounce Religion, Smiting, Recall Orcish Followers, Give Item to Named
Follower


You were in a Gauntlet.
You worshipped Beogh.
Beogh was extremely pleased with you.
You visited 2 branches of the dungeon, and saw 12 of its levels.
You also visited: Sewer and Gauntlet.

You collected 594 gold pieces.

Inventory:

Hand Weapons
 a - a +0 war axe
 b - a +5 hand axe of freezing (weapon)
 C - a +0 trident
Missiles
 g - 20 boomerangs (quivered)
Armour
 q - a +0 pair of boots (worn)
 s - a +1 helmet (worn)
 B - a +0 plate armour (worn)
 D - a +0 kite shield (worn)
Jewellery
 r - a +4 ring of evasion (left hand)
 t - an uncursed ring of magical power
 z - the ring "Kouciom" (right hand) {rF++ MP+9 Stlth-}
   (You found it on level 7 of the Dungeon)

   [ring of attention]

   It greatly protects you from fire.
   It affects your magic capacity (+9).
   It makes you less stealthy.
Wands
 c - a wand of iceblast (10)
 v - a wand of digging (4)
 E - a wand of flame (8)
 F - a wand of paralysis (6)
 I - a wand of disintegration (15)
Scrolls
 d - 7 scrolls of remove curse
 f - 4 scrolls of identify
 h - 2 scrolls of enchant armour
 i - a scroll of blinking
 j - 2 scrolls of fear
 k - 2 scrolls of fog
 m - 2 scrolls of enchant weapon
 y - 3 scrolls of teleportation
 G - a scroll of amnesia
Potions
 l - 2 potions of might
 n - a potion of haste
 o - 2 potions of berserk rage {unknown}
 p - 2 potions of brilliance {unknown}
 u - 3 potions of flight
 w - 2 potions of attraction {unknown}
 A - 3 potions of heal wounds {unknown}


   Skills:
 + Level 8.9 Fighting
 * Level 12.8 Axes
 * Level 10.2 Armour
 - Level 2.4 Dodging
 - Level 1.5 Stealth
 + Level 2.3 Shields
 + Level 8.3 Invocations


You had 10 spell levels left.
You didn't know any spells.
Your spell library contained the following spells:

 Spells                   Type           Power        Failure   Level
 Confusing Touch          Hex            0%           100%        3
 Gell's Gravitas          Tloc           0%           100%        3
 Petrify                  Tmut/Erth      0%           100%        4
 Metabolic Englaciation   Hex/Ice        0%           100%        5
 Yara's Violent Unravell  Hex/Tmut       0%           100%        5


Dungeon Overview and Level Annotations

Branches:
Dungeon (11/15)            Temple (1/1) D:4            Lair (0/6) D:8
  Sewer (visited)         Gauntlet (1/1)
    Orc: D:9-12

Altars:
Ashenzari
Cheibriados
Elyvilon
Fedhas
Gozag
Makhleb
Nemelex Xobeh
Qazlal
Trog
Uskayaw
Vehumet
The Shining One

Shops:
D:8 ?   D:9 :

Annotations:
D:4 Eustachio
D:5 Dowan, Duvessa, Sigmund Gauntlet 6 transporters, exclusion: orange crystal statue


Message History

The queen ant is almost dead.
* * * LOW HITPOINT WARNING * * *
You feel sick.
You barely miss the queen ant.
The queen ant is almost dead.
* * * LOW HITPOINT WARNING * * *
You feel sick.
Your shield and plate armour prevent you from hitting the queen ant.
The queen ant is almost dead.
* * * LOW HITPOINT WARNING * * *
You feel sick. You block the queen ant's attack.
You hit the queen ant but do no damage.
The queen ant is almost dead.
* * * LOW HITPOINT WARNING * * *
You feel very sick. You block the queen ant's attack.
You slash the queen ant! You freeze the queen ant.
You kill the queen ant!
Beogh accepts your kill.
You die...

#8#.....#.©.#....§§............≈.
###...8.#...#...≈8≈...........≈8§
#.....#.©.#....≈.............≈.
###..###########...###########...
#8#..#.....##..#.8.###.##5##.#...
###..#..###.#..#...###.##.##.#...
#..#.##.##.#B######.#..#...#...
###..#.#.#†#.#B#...#.#..##©###...
#8#..#...#©#.#B#@.©#5##.##.###...
###..#B#.#.#.#.#.†.#5..#....3#...
#..#.#.##.##.######.#..##.##...
###..#.##.###..#...#3.##5#####...
#8#..##©##.....#.8.#....©([.5#...
###..###########...###########...
#..............................
#≈..........................≈∩≈
###############################


You could see 3 soldier ants, a ynoxinul and 2 iron imps.

Vanquished Creatures
  Harold (D:7)
  A queen ant (Gauntlet)
  3 slime creatures (D:8)
  2 yaks
  2 wyverns
  A ynoxinul (Gauntlet)
  Menkaure (D:6)
  3 water moccasins
  2 soldier ants (Gauntlet)
  2 orc warriors
  A sky beast (D:7)
  2 ogres
  4 phantoms
  A centaur (D:7)
  A boggart (Gauntlet)
  4 lemures (D:5)
  A big kobold (D:8)
  Blork the orc (D:5)
  3 bullfrogs
  A wyvern skeleton (D:8)
  2 scorpions (D:5)
  A killer bee (D:8)
  A wight (D:10)
  3 howler monkeys
  A hound (D:6)
  A bullfrog zombie (D:6)
  3 orc priests
  3 iron imps (Gauntlet)
  Ijyb (D:4)
  2 iguanas
  4 orc wizards
  8 worker ants
  A hound skeleton (D:6)
  4 adders
  A river rat (D:6)
  A shadow imp (D:5)
  A white imp (D:5)
  2 ufetubi
  2 oozes (D:2)
  5 worms
  4 dart slugs
  8 leopard geckos
  17 orcs
  A ball python (Sewer)
  19 bats
  5 giant cockroaches
  5 goblins
  10 hobgoblins
  5 jackals
  6 quokkas
  3 frilled lizards
  9 kobolds
  9 rats
185 creatures vanquished.

Vanquished Creatures (collateral kills)
  Erica (D:8)
  2 slime creatures (D:8)
  A cane toad (shapeshifter) (D:9)
  A troll (D:9)
  2 wyverns (D:8)
  2 yaks (D:8)
  A soldier ant (D:8)
  An ice beast (D:10)
  An orc warrior (D:10)
  A sky beast (D:9)
  A centaur (D:9)
  4 bullfrogs
  A wyvern skeleton (D:10)
  2 scorpions
  3 killer bees (D:8)
  4 wights (D:10)
  2 hounds
  2 orc wizards
  An iguana (D:9)
  2 worker ants
  An adder (D:9)
  A shadow imp (D:7)
  A white imp (D:10)
  2 ufetubi
  3 adder skeletons
  An orc (D:8)
  2 bats (D:7)
  A giant cockroach (D:8)
  3 goblins (D:9)
  4 kobolds
  A jackal skeleton (D:8)
55 creatures vanquished.

Vanquished Creatures (others)
  2 orc wizards (D:8)
  3 orc priests
  An adder (D:3)
  10 orcs
  A bat (D:3)
  A kobold (D:3)
  4 fungi (D:8)
  20 plants
42 creatures vanquished.

Grand Total: 282 creatures vanquished

Notes
Turn   | Place    | Note
-------+----------+-------------------------------------------
     0 | D:1      | wakim the Hill Orc Monk began the quest for the Orb.
     0 | D:1      | Reached XP level 1. HP: 19/19 MP: 1/1
   362 | D:1      | Reached XP level 2. HP: 27/27 MP: 2/2
   501 | D:1      | Reached skill level 1 in Armour
   716 | D:1      | Reached XP level 3. HP: 32/33 MP: 3/3
   955 | D:2      | Reached skill level 5 in Axes
  1343 | D:2      | Reached XP level 4. HP: 37/40 MP: 4/4
  1815 | D:3      | Found a broken altar of Ashenzari.
  2061 | D:3      | Became a worshipper of Beogh the Brigand
  2061 | D:3      | Reached * piety under Beogh
  2061 | D:3      | Reached ** piety under Beogh
  2500 | D:3      | Reached skill level 6 in Axes
  2500 | D:3      | Reached XP level 5. HP: 27/47 MP: 5/5
  2985 | D:4      | Reached skill level 1 in Invocations
  3197 | D:4      | Reached XP level 6. HP: 32/55 MP: 7/7
  3410 | D:4      | Noticed a phantom
  3439 | D:4      | Killed a phantom
  3440 | D:4      | Reached skill level 5 in Fighting
  3566 | D:4      | Found a staircase to the Ecumenical Temple.
  3582 | Temple   | Entered the Ecumenical Temple
  3607 | D:4      | Noticed Ijyb
  3627 | D:4      | Killed Ijyb
  3913 | D:4      | Found an opulent altar of Gozag.
  4234 | D:5      | Entered Level 5 of the Dungeon
  4234 | D:5      | Noticed a necrophage
  4265 | D:5      | Noticed Eustachio
  4426 | D:5      | Reached skill level 7 in Axes
  4426 | D:5      | Reached XP level 7. HP: 45/61 MP: 8/8
  5295 | D:5      | Noticed Blork the orc
  5316 | D:5      | Killed Blork the orc
  5332 | D:5      | Noticed Duvessa
  5332 | D:5      | Noticed Dowan
  5338 | D:5      | Noticed Sigmund
  5379 | D:5      | HP: 3/61 [poisoned by Duvessa]
  5387 | D:5      | HP: 3/61 [poisoned by Duvessa]
  5731 | D:6      | Reached skill level 8 in Axes
  5731 | D:6      | Reached skill level 5 in Armour
  5788 | D:6      | Reached XP level 8. HP: 31/70 MP: 10/10
  5828 | D:5      | Found a sparkling altar of Nemelex Xobeh.
  5828 | D:5      | Found an opulent altar of Gozag.
  5831 | D:5      | Found a glowing golden altar of the Shining One.
  6060 | D:6      | Reached *** piety under Beogh
  6200 | D:6      | Found a glowing drain.
  6204 | Sewer    | Entered a sewer
  6640 | D:6      | Reached skill level 9 in Axes
  6745 | D:6      | Gained Zartorak as an ally
  7137 | D:7      | Got a coiled marble ring
  7142 | D:7      | Identified the ring "Kouciom" {rF++ MP+9 Stlth-} (You found
                  | it on level 7 of the Dungeon)
  7230 | D:6      | Reached **** piety under Beogh
  7231 | D:6      | Reached skill level 5 in Invocations
  7260 | D:6      | Noticed Menkaure
  7264 | D:6      | Killed Menkaure
  7265 | D:6      | Reached XP level 9. HP: 72/78 MP: 12/12
  7352 | D:7      | Noticed Harold
  7365 | D:7      | Killed Harold
  7366 | D:7      | Reached skill level 10 in Axes
  7406 | D:7      | Gained Morun as an ally
  8280 | D:8      | Your ally Morun died
  8298 | D:7      | Reached skill level 11 in Axes
  8805 | D:8      | Your ally Zartorak died
  8811 | D:8      | Reached XP level 10. HP: 86/88 MP: 15/15
  8924 | D:8      | Got a transparent ring mail
  8959 | D:7      | Identified the +0 ring mail of Focus {*Drain +Fly Will++
                  | Regen+} (You found it on level 8 of the Dungeon)
  9158 | D:8      | Found Adicsico's Magic Scroll Emporium.
  9364 | D:8      | Gained Bogbrand as an ally
  9365 | D:8      | Reached skill level 12 in Axes
  9368 | D:8      | Reached ***** piety under Beogh
  9616 | D:8      | Found a staircase to the Lair.
  9639 | D:8      | Noticed Erica
  9644 | D:8      | Killed Erica
  9645 | D:8      | Reached skill level 1 in Shields
  9993 | D:9      | Found a bloodstained altar of Trog.
 10039 | D:9      | Noticed a cane toad
 10047 | D:9      | Killed a cane toad
 10611 | D:9      | Identified the +1 long sword of Springtime {vorpal, rF-
                  | Str+8 Int+2 Dex-2}
 10720 | D:9      | Found Miyhin's Book Boutique.
 11061 | D:10     | Entered Level 10 of the Dungeon
 11212 | D:10     | Reached skill level 10 in Armour
 11920 | D:11     | Found a gate leading to a gauntlet.
 11942 | Gauntlet | Entered a Gauntlet
 11942 | Gauntlet | Found a transporter.
 11942 | Gauntlet | Found a transporter.
 11942 | Gauntlet | Noticed an orange crystal statue
 11943 | Gauntlet | Found a transporter.
 11943 | Gauntlet | Found a transporter.
 11946 | Gauntlet | Found a transporter.
 11954 | Gauntlet | Noticed an entropy weaver
 11954 | Gauntlet | Noticed a wolf spider
 11956 | Gauntlet | Found a transporter.
 11963 | Gauntlet | Found a transporter.
 11969 | Gauntlet | Found a transporter.
 11978 | Gauntlet | Noticed a queen ant
 11988 | Gauntlet | Found a transporter.
 12002 | Gauntlet | Found a transporter.
 12010 | Gauntlet | Found a transporter.
 12013 | Gauntlet | Noticed a worldbinder
 12030 | Gauntlet | Found a transporter.
 12169 | Gauntlet | Reached XP level 11. HP: 89/95 MP: 17/17
 12260 | Gauntlet | HP: 4/95 [poisoned by a cane toad]
 12265 | Gauntlet | HP: 2/95 [poisoned by a cane toad]
 12272 | Gauntlet | HP: 1/95 [poisoned by a cane toad]
 12681 | Gauntlet | HP: 4/95 [poisoned by a queen ant]
 12682 | Gauntlet | HP: 1/95 [poisoned by a queen ant]
 12683 | Gauntlet | Killed a queen ant
 12683 | Gauntlet | Succumbed to a queen ant's poison

Illustrated notes

Levels and vault maps discovered:
D:1:      psy_arrival_fountain, layout_loops_ring
D:2:      layout_rooms
D:3:      layout_basic, minivault_24, grunt_ministairs_15, ashenzari_altar_1
D:4:      layout_basic, minmay_temple_entry_drinking_statues,
          minmay_misc_feat_square, hangedman_decor_push,
          grunt_gozag_breadcrumbs, uniq_ijyb
D:5:      layout_cave_pods, nicolae_overflow_hidden_temple, uniq_duvessa,
          uniq_blork_the_orc, uniq_eustachio, uniq_sigmund, uniq_pikel
D:6:      layout_basic, gup_sewer_entry_spiral, chequers_jeans, uniq_menkaure
D:7:      layout_rooms, grunt_decor_resistance, chequers_garden,
          roderic_batcave, corner_web_ring, uniq_harold
D:8:      layout_cave_pools, minmay_lair_entry_grove, kennysheep_small_circle,
          uniq_erica
D:9:      corexii_shack_village, layout_basic, bloody_trog, serial_shops, shop
D:10:     layout_big_octagon
D:11:     layout_long_grid, gammafunk_ghost_berserking_beasts,
          gauntlet_entry_generic, tso_metal_star
Temple:   eino_narrow_crystal_temple
Gauntlet: gammafunk_gauntlet_shortcut [gammafunk_gauntlet_arena_hedges,
          nicolae_gauntlet_arena_flowing_pool, nicolae_gauntlet_arena_blocks,
          gammafunk_gauntlet_arena_corners, gammafunk_gauntlet_arena_spirals,
          gammafunk_gauntlet_arena_crates, gauntlet_exit_hidden_loot]

Skill      XL: |  1  2  3  4  5  6  7  8  9 10 |
---------------+-------------------------------+-----
Armour         | 1 2 3 4 5 6 8 10 | 10.2
Fighting       | 4 5 6 7 8 |  8.9
Axes           | 5 6 7 8 9 11 12 | 12.8
Invocations    | 1 2 3 5 6 8 |  8.3
Shields        | 2 |  2.3
Dodging        | |  2.4
Stealth        | |  1.5

Action                   |  1- 3 |  4- 6 |  7- 9 | 10-12 || total
-------------------------+-------+-------+-------+-------++-------
Melee: Hand axe          |   142 |   245 |     9 |    81 ||   477
       War axe           |       |       |    90 |     9 ||    99
       Battleaxe         |       |       |   292 |    65 ||   357
Invok: Convert to Beogh  |       |     1 |       |       ||     1
       Recall Orcish Fol |       |       |       |     5 ||     5
       Give Item to Name |       |       |       |     1 ||     1
  Use: Scroll            |       |     3 |    11 |     7 ||    21
       Potion            |       |       |       |     4 ||     4
 Stab: Distracted        |       |       |       |     2 ||     2
       Paralysed         |       |       |       |     1 ||     1
Armor: Chain mail        |    96 |   105 |   196 |       ||   397
       Plate armour      |       |       |     4 |   129 ||   133
Dodge: Dodged            |    46 |    98 |   294 |    80 ||   518
Block: Kite shield       |       |       |       |    68 ||    68
